 Dungeon Sprint DCSS version 0.28-a0-268-g3f656e82c2 (webtiles) character file.

Game seed: 16241445984485932092

121 Ankalagon the Magician (level 4, -10/24 HPs)
             Began as a Deep Elf Fire Elementalist on Aug 29, 2021.
             Was an Initiate of Vehumet.
             Mangled by an orc warlord (34 damage)
             ... in the Dungeon (Sprint V: "Ziggurat Sprint").
             The game lasted 00:01:55 (287 turns).

Ankalagon the Magician (Deep Elf Fire Elementalist)  Turns: 287, Time: 00:01:55

Health: -10/24     AC:  5    Str:  5    XL:     4   Next: 76%
Magic:  14/15      EV: 14    Int: 21    God:    Vehumet [......]
Gold:   0          SH:  8    Dex: 15    Spells: 13/18 levels left

rFire   + . .      SeeInvis .   N - +8 lance "Wyrmbane" {slay drac, rPois rF+ rC+ AC+3}
rCold   + . .      Faith    .   v - +3 buckler
rNeg    . . .      Spirit   .   a - +0 robe
rPois   +          Reflect  .   (no helmet)
rElec   .          Harm     .   (no cloak)
rCorr   .          Rampage  .   (no gloves)
Will    .....      NoTele   +   (no boots)
Stlth   ++........              (no amulet)
HPRegen 0.08/turn               (no ring)
MPRegen 0.14/turn               (no ring)

@: no status effects
A: no striking features
a: Renounce Religion


You were in the Dungeon.
You worshipped Vehumet.
Vehumet was noncommittal.
You visited 1 branch

Inventory:

Hand Weapons
 M - the +6 Majin-Bo {vamp, MP+6 Int+6}
   (You found it in the Dungeon)

   It occasionally heals its wielder for a portion of the damage dealt when they
   wound a living foe with it or with a spell.
   Its wielder's spells cost health as well as magical power.
   Int:       It affects your intelligence (+6).
   MP:        It affects your magic capacity (+6).
 N - the +8 lance "Wyrmbane" (weapon) {slay drac, rPois rF+ rC+ AC+3}
   (You found it in the Dungeon)

   It inflicts extra damage against dragons and draconians.
   AC:        It affects your AC (+3).
   rF:        It protects you from fire.
   rC:        It protects you from cold.
   rPois:     It protects you from poison.
Armour
 a - a +0 robe (worn)
 m - +5 fire dragon scales
 n - +5 ice dragon scales
 o - +5 storm dragon scales
 p - +5 shadow dragon scales
 q - +5 gold dragon scales
 r - a +5 crystal plate armour
 s - a +5 plate armour
 t - a +3 kite shield
 u - a +3 tower shield
 v - a +3 buckler (worn)
Jewellery
 E - a ring of flight
 F - a +6 ring of dexterity
 G - a +6 ring of dexterity
 H - a +6 ring of intelligence
 I - a +6 ring of intelligence
 J - a +6 ring of strength
 K - a +6 ring of strength
Wands
 B - a wand of mindburst (7)
 C - a wand of iceblast (5)
 D - a wand of acid (3)
Scrolls
 g - 4 scrolls of blinking
 w - 7 scrolls of fog
 x - a scroll of holy word
 y - 5 scrolls of identify
 z - 2 scrolls of fear
 A - 4 scrolls of amnesia
Potions
 b - 10 potions of curing
 c - 14 potions of heal wounds
 d - 6 potions of haste
 e - 7 potions of magic
 f - 3 potions of berserk rage
 h - 2 potions of brilliance
 i - 2 potions of invisibility
 j - 4 potions of resistance
 l - 5 potions of might
Miscellaneous
 L - a lightning rod (4/4)


   Skills:
 - Level 5.0 Dodging
 - Level 2.4 Stealth
 + Level 2.9 Shields
 + Level 7.6 Spellcasting
 + Level 5.9 Conjurations
 + Level 6.7 Fire Magic
 + Level 0.0 Evocations


You had 13 spell levels left.
You knew the following spells:

 Your Spells              Type           Power      Damage    Failure   Level
a - Foxfire               Conj/Fire      100%       2x1d9     1%          1
b - Sticky Flame          Conj/Fire      34%        2d5       7%          4

Your spell library contained the following spells:

 Spells                   Type           Power      Damage    Failure   Level
 Conjure Flame            Conj/Fire      34%        6-21      1%          3
 Inner Flame              Hex/Fire       22%        N/A       7%          3
 Sublimation of Blood     Necr           4%         N/A       14%         2
 Wereblood                Tmut           8%         N/A       14%         2
 Fireball                 Conj/Fire      17%        3d9       19%         5
 Summon Hydra             Summ           4%         N/A       100%        7


Dungeon Overview and Level Annotations

Branches:
Dungeon (1/1)

Altars:
Ashenzari
Cheibriados
Dithmenos
Elyvilon
Fedhas
Gozag
Hepliaklqana
Kikubaaqudgha
Makhleb
Nemelex Xobeh
Okawaru
Qazlal
Ru
Sif Muna
Trog
Uskayaw
Vehumet
Wu Jian
Xom
Yredelemnul
Zin
The Shining One
Beogh
Jiyva
Lugonu

Annotations:
D 1 transporter


Message History

Aim: an ironbound preserver, wielding a +0 dire flail and wearing a +0 ring mail (90% to hit)
The bolt of acid hits the orc warlord.
The orc warlord is lightly wounded.
The bolt of acid hits the ironbound preserver.
The acid corrodes the ironbound preserver!
The ironbound preserver is lightly wounded.
The bolt of acid hits the orc warlord.
The acid corrodes the orc warlord!
The orc warlord is lightly wounded.
The foxfire hits the orc warlord but does no damage.
The orc warlord is lightly wounded.
The foxfire hits the orc warlord but does no damage.
The orc warlord is lightly wounded.
Aiming: Corrosive Bolt
Press: ? - help, Shift-Dir - straight line, f/p - ironbound preserver
Aim: an ironbound preserver, wielding a +0 dire flail and wearing a +0 ring mail (lightly wounded, covered in acid, 90% to hit)
The bolt of acid hits the orc warlord!
The acid corrodes the orc warlord!
The orc warlord is lightly wounded.
The bolt of acid hits the ironbound preserver!
The ironbound preserver seems to be corroded for longer.
The ironbound preserver is lightly wounded.
The bolt of acid hits the orc warlord!
The orc warlord is lightly wounded.
The orc warlord roars a battlecry!
The orc warlord goes into a battle-frenzy!
Aiming: Corrosive Bolt
Press: ? - help, Shift-Dir - straight line, f/p - ironbound preserver
Aim: an ironbound preserver, wielding a +0 dire flail and wearing a +0 ring mail (moderately wounded, covered in acid, 90% to hit)
The bolt of acid misses the orc warlord.
The bolt of acid hits the ironbound preserver!
The ironbound preserver is moderately wounded.
The bolt of acid hits the orc warlord!
The orc warlord is lightly wounded.
You block the orc warlord's attack.
Aiming: Corrosive Bolt
Press: ? - help, Shift-Dir - straight line, f/p - ironbound preserver
Aim: an ironbound preserver, wielding a +0 dire flail and wearing a +0 ring mail (moderately wounded, covered in acid, 90% to hit)
The bolt of acid misses the ironbound preserver.
The orc warlord hits you with a +2 great sword of holy wrath!!
Ouch! That really hurt!
You die...

▓▓▓▓▓▓▓▓▓▓▓▓▓
▓.8©8.▓.8©8.▓
▓.|:=.▓.....▓
▓.....▓.....▓
▓..o..▓.....▓
▓.....▓..†..▓
▓..op.▓..©..▓
▓..@..▓▓▓▓▓▓▓
▓▓▓▓▓▓▓


You could see 2 orc warlords and an ironbound preserver (corroded).

Vanquished Creatures
  A hell hound (D)
  A white imp (D)
2 creatures vanquished.

Vanquished Creatures (others)
  2 foxfires (D)
2 creatures vanquished.

Grand Total: 4 creatures vanquished

Notes
Turn   | Place    | Note
-------+----------+-------------------------------------------
     0 | D        | Ankalagon the Deep Elf Fire Elementalist began the quest
                  | for the Orb.
     0 | D        | Reached XP level 1. HP: 10/10 MP: 6/6
     0 | D        | Found a shimmering blue altar of Sif Muna.
     0 | D        | Found a sacrificial altar of Ru.
     0 | D        | Found a bloodstained altar of Trog.
     0 | D        | Found a stormy altar of Qazlal.
     0 | D        | Found an iron altar of Okawaru.
     0 | D        | Found a sparkling altar of Nemelex Xobeh.
     0 | D        | Found a blossoming altar of Fedhas.
     0 | D        | Found the +6 Majin-Bo {vamp, MP+6 Int+6}
     0 | D        | Found the +9 heavy crossbow "Sniper" {vorpal, Acc+∞ SInv}
     0 | D        | Found the +10 dark maul {vorpal}
     0 | D        | Found the +15 Maxwell's patent armour {-Cast -Tele rElec
                  | Will+ rCorr}
     0 | D        | Found the +18 shield of the Gong {rElec rN+ Will+ EV-5}
     0 | D        | Found the +14 obsidian axe {vorpal, Drain Fly SInv}
     0 | D        | Found the +7 great mace "Firestarter" {inner flame, rF++}
     0 | D        | Found the +6 shillelagh "Devastator" {shatter}
     0 | D        | Found the +11 plutonium sword {Contam Stlth-}
     0 | D        | Found the +8 lance "Wyrmbane" {slay drac, rPois rF+ rC+
                  | AC+3}
     0 | D        | Found the +9 sword of Zonguldrok {reap}
     0 | D        | Found the +13 scythe of Curses {drain, Drain}
     0 | D        | Found the +5 sword of Power {vorpal}
     0 | D        | Found the +7 mace of Variability {chain chaos}
     0 | D        | Found the +7 Singing Sword {vorpal, sonic wave}
     0 | D        | Found the +8 storm bow {elec, penet}
     9 | D        | Found a transporter.
     9 | D        | Found a viscous altar of Jiyva.
     9 | D        | Found an ancient bone altar of Kikubaaqudgha.
     9 | D        | Found a hazy altar of Hepliaklqana.
     9 | D        | Found a corrupted altar of Lugonu.
     9 | D        | Found an opulent altar of Gozag.
     9 | D        | Found a burning altar of Makhleb.
    41 | D        | Became a worshipper of Vehumet
    53 | D        | Reached skill level 5 in Dodging
    53 | D        | Reached skill level 5 in Spellcasting
    53 | D        | Reached skill level 5 in Fire Magic
    53 | D        | Reached XP level 2. HP: 15/15 MP: 6/10
    96 | D        | Entered arena 2.
    96 | D        | Noticed a hell hound
    96 | D        | Found a transporter.
    98 | D        | Killed a hell hound
    99 | D        | Reached skill level 7 in Spellcasting
    99 | D        | Reached skill level 5 in Conjurations
    99 | D        | Reached XP level 3. HP: 7/19 MP: 11/14
    99 | D        | Reached XP level 4. HP: 9/24 MP: 11/15
   281 | D        | Learned a level 4 spell: Sticky Flame
   282 | D        | Entered arena 3.
   282 | D        | Noticed an orc warlord
   282 | D        | Noticed an ironbound preserver
   282 | D        | Noticed an orc warlord
   282 | D        | Found a transporter.
   287 | D        | Mangled by an orc warlord

Illustrated notes

Levels and vault maps discovered:
D:        sprint_v [room_start, room_1, room_2, room_3, room_4, room_5, room_6,
          room_7, room_8, room_9, room_10, room_11, room_12, room_13, room_14,
          room_15, room_16, room_17, room_18, room_19, room_20, room_21,
          room_22, room_23, room_24, room_25, room_26, room_27]

Skill      XL: |  1  2 |
---------------+-------+-----
Dodging        | 5 |  5.0
Spellcasting   | 5 7 |  7.6
Conjurations   | 4 5 |  5.9
Fire Magic     | 5 6 |  6.7
Shields        | 2 |  2.9
Stealth        | |  2.4

Action                   |  1- 3 |  4- 6 || total
-------------------------+-------+-------++-------
 Cast: Foxfire           |       |     1 ||     1
Evoke: Wand              |     2 |     4 ||     6
  Use: Potion            |     1 |       ||     1
Block: Buckler           |       |     1 ||     1

Table legend: (Time is in decaauts)
 A = Elapsed time spent in this place.
 B = Non-inter-level travel time spent in this place.
 C = Inter-level travel time spent in this place.
 D = Time resting spent in this place.
 E = Time spent auto-exploring this place.
 F = Levels seen in this place.
 G = Mean time per level.
                   A        B        C        D        E       F      G
               +--------+--------+--------+--------+--------+-----+--------+
         Total |    286 |    286 |      0 |    202 |      0 |   1 |  286.0 |
       Dungeon |    286 |    286 |      0 |    202 |      0 |   1 |  286.0 |
               +--------+--------+--------+--------+--------+-----+--------+

Top non-repeatable levels by time:
       D: 286 daAuts
